 Dungeon Crawl Stone Soup version 0.22.1 (webtiles) character file.

222 Anathary the Sneak (level 5, 0/41 HPs)
             Began as a Demonspawn Assassin on Sept 17, 2018.
             Slain by a gnoll
             ... wielding a +0 spear
              (3 damage)
             ... on level 3 of the Dungeon.
             The game lasted 00:12:35 (3960 turns).

Anathary the Sneak (Demonspawn Assassin)            Turns: 3960, Time: 00:12:35

Health: 0/41       AC:  3    Str: 11    XL:     5   Next: 66%
Magic:  5/5        EV: 13    Int: 12    God:
Gold:   80         SH:  0    Dex: 16    Spells: 4/4 levels left

rFire    . . .     SeeInvis .   i - +1 dagger (venom)
rCold    . . .     Gourm    .   (no shield)
rNeg     . . .     Faith    .   c - +0 robe
rPois    .         Spirit   .   (no helmet)
rElec    .         Reflect  .   d - +0 cloak
rCorr    .         Harm     .   (no gloves)
MR       .....                  (no boots)
Stlth    +++.......             (no amulet)
HPRegen  0.13/turn              (no ring)
MPRegen  0.09/turn              (no ring)

@: no status effects
A: powered by pain 1
a: no special abilities


You were on level 3 of the Dungeon.
You were not hungry.

You visited 1 branch of the dungeon, and saw 3 of its levels.

You collected 80 gold pieces.

Inventory:

Hand Weapons
 a - a +2 dagger
 b - a +0 blowgun
 i - a +1 dagger of venom (weapon)
Missiles
 e - 8 poisoned needles
 f - 2 curare-tipped needles
Armour
 c - a +0 robe (worn)
 d - a +0 cloak (worn)
Scrolls
 h - a scroll of teleportation {unknown}
 k - 3 scrolls of remove curse
Potions
 j - a potion of might {unknown}
 l - 2 potions of brilliance {unknown}


   Skills:
 + Level 3.0 Fighting
 + Level 3.0 Short Blades
 - Level 1.7 Throwing
 + Level 2.1 Dodging
 + Level 5.2 Stealth


You had 4 spell levels left.
You didn't know any spells.
Your spell library was empty.

Dungeon Overview and Level Annotations

Branches:
Dungeon (3/15)

Altars:
Nemelex Xobeh


Innate Abilities, Weirdness & Mutations

You sometimes gain a little power by taking damage.


Message History

The gnoll hits you with a spear.
Things that are here:
a club; a hobgoblin corpse You hit the gnoll but do no damage.
The gnoll is poisoned.
The gnoll hits you with a spear.
* * * LOW HITPOINT WARNING * * *
You barely miss the gnoll.
The gnoll is lightly wounded.
The gnoll hits you but does no damage.
You hit the gnoll but do no damage.
The gnoll looks as sick as possible!
The gnoll is lightly wounded.
The gnoll hits you but does no damage.
You barely miss the gnoll.
The gnoll is lightly wounded.
The gnoll hits you with a spear!
* * * LOW HITPOINT WARNING * * *
You hit the gnoll but do no damage.
The gnoll looks as sick as possible!
The gnoll is heavily wounded.
The gnoll hits you with a spear.
You die...

#..........#
#.#......# ##
####..<##.### .#
......###..#
###.#####
.####.....##
#........ ##.....#
#........ #.....##
#........
###.....#####(.......
........@g.)...######
####....########
#....# #....# #....#
#....# ######


You could see a gnoll.

Vanquished Creatures
  A worker ant (D:2)
  4 adders (D:2)
  9 gnolls
  2 oozes
  2 worms (D:2)
  2 dart slugs (D:2)
  6 leopard geckos
  5 bats
  2 giant cockroaches
  7 goblins
  5 hobgoblins
  5 jackals
  4 kobolds
  3 frilled lizards (D:1)
  4 rats
61 creatures vanquished.

Vanquished Creatures (others)
  A plant (D:2)
1 creature vanquished.

Grand Total: 62 creatures vanquished

Notes
Turn   | Place    | Note
-------+----------+-------------------------------------------
     0 | D:1      | Anathary the Demonspawn Assassin began the quest for the
                  | Orb.
     0 | D:1      | Reached XP level 1. HP: 16/16 MP: 1/1
    60 | D:1      | Reached skill level 4 in Stealth
    72 | D:1      | Gained mutation: You sometimes gain a little power by
                  | taking damage. [demonic ancestry]
    72 | D:1      | Reached XP level 2. HP: 17/22 MP: 2/2
   247 | D:1      | Found a sparkling altar of Nemelex Xobeh.
   623 | D:1      | Reached skill level 1 in Dodging
   749 | D:1      | Reached XP level 3. HP: 27/27 MP: 3/3
  1023 | D:1      | You fall through a shaft!
  1805 | D:2      | Reached XP level 4. HP: 21/34 MP: 4/4
  2090 | D:2      | Reached skill level 5 in Stealth
  2485 | D:2      | Reached XP level 5. HP: 28/39 MP: 5/5
  3960 | D:3      | Slain by a gnoll

Skill      XL: |  1  2  3  4  5 |
---------------+----------------+-----
Stealth        | 4 5 |  5.2
Dodging        | 1 2 |  2.1
Short Blades   | 2 3 |  3.0
Fighting       | 3 |  3.0
Throwing       | |  1.7

Action                   |  1- 3 |  4- 6 || total
-------------------------+-------+-------++-------
Melee: Dagger            |    83 |   113 ||   196
       Short sword       |    35 |       ||    35
  Use: Scroll            |     2 |       ||     2
 Stab: Sleeping          |     5 |     4 ||     9
       Distracted        |       |     2 ||     2
  Eat: Ration            |     1 |     2 ||     3
       Chunk             |       |     1 ||     1
Armor: Robe              |    20 |    12 ||    32
Dodge: Dodged            |    81 |    39 ||   120
